 Dungeon Crawl Stone Soup version 0.27-a0-216-g1fbed8a51c (webtiles) character file.

Game seed: 13907362234043734258

1018 knot the Chopper (level 8, 58/58 HPs)
             Began as a Demonspawn Berserker on Feb 1, 2021.
             Was an Elder of Trog.
             Quit the game on level 6 of the Dungeon.
             The game lasted 00:09:36 (5524 turns).

knot the Chopper (Demonspawn Berserker)             Turns: 5524, Time: 00:09:36

Health: 58/58      AC: 13    Str: 18 (19) XL:     8   Next: 2%
Magic:  8/8        EV: 10    Int: 10      God:    Trog [****..]
Gold:   249        SH:  0    Dex: 14      Spells: 7/7 levels left

rFire    + . .     SeeInvis +   D - +1 hand axe (elec)
rCold    + . .     Faith    .   (no shield)
rNeg     . . .     Spirit   .   l - +5 scale mail "Zoes" {rF- rC+ Str+2 Slay+4}
rPois    .         Reflect  .   (helmet restricted)
rElec    .         Harm     .   B - scarf {rC+ rF+}
rCorr    .         Rampage  .   (no gloves)
Will     .....                  (no boots)
Stlth    ..........             m - amulet of the acrobat
HPRegen  0.19/turn              h - ring of fire
MPRegen  0.11/turn              x - ring of see invisible

@: no status effects
A: antennae 1, slimy green scales 1, powered by death 1
a: Renounce Religion, Berserk, Trog's Hand, Brothers in Arms


You were on level 6 of the Dungeon.
You worshipped Trog.
Trog was greatly pleased with you.
You visited 2 branches of the dungeon, and saw 7 of its levels.

You collected 249 gold pieces.

Inventory:

Hand Weapons
 D - a +1 hand axe of electrocution (weapon)
Missiles
 d - 35 sling bullets
 f - 216 stones
 k - 7 boomerangs
 w - 12 poisoned darts (quivered)
 F - 2 throwing nets
Armour
 l - the +5 scale mail "Zoes" (worn) {rF- rC+ Str+2 Slay+4}
   (You found it on level 4 of the Dungeon)

   It affects your strength (+2).
   It affects your accuracy and damage with ranged weapons and melee attacks
   (+4).
   It makes you vulnerable to fire.
   It protects you from cold.
 u - a +0 troll leather armour
 v - a +0 leather armour of willpower
 B - a scarf of resistance (worn)
Jewellery
 h - a ring of fire (left hand)
 m - an amulet of the acrobat (around neck)
 x - a ring of see invisible (right hand)
 C - a cursed ring of attention {unknown}
Wands
 E - a wand of digging (6)
Scrolls
 a - a scroll of random uselessness {unknown}
 c - 8 scrolls of teleportation {unknown}
 g - 7 scrolls of identify
 i - 7 scrolls of remove curse {unknown}
 j - 2 scrolls of enchant armour {unknown}
 o - a scroll of fog {unknown}
 p - a scroll of amnesia {unknown}
 s - a scroll of noise {unknown}
 t - 2 scrolls of blinking {unknown}
 y - a scroll of fear {unknown}
 z - a scroll of enchant weapon {unknown}
Potions
 b - 3 potions of curing {unknown}
 e - 2 potions of haste {unknown}
 n - 2 potions of cancellation {unknown}
 q - a potion of degeneration
 r - 3 potions of brilliance
 A - a potion of invisibility {unknown}


   Skills:
 - Level 3.0 Fighting
 * Level 7.0 Axes
 * Level 5.3 Throwing
 - Level 1.7 Armour
 - Level 1.7 Dodging


You had 7 spell levels left.
You didn't know any spells.
Your spell library was empty.

Dungeon Overview and Level Annotations

Branches:
Dungeon (6/15)             Temple (1/1) D:6

Altars:
Ashenzari
Cheibriados
Dithmenos
Elyvilon
Fedhas
Gozag
Hepliaklqana
Kikubaaqudgha
Makhleb
Qazlal
Ru
Sif Muna
Trog
Vehumet
Wu Jian
Zin
The Shining One

Annotations:
D:6 Dowan, Duvessa


Innate Abilities, Weirdness & Mutations

You have a pair of small antennae on your head.
You are partially covered in slimy green scales. (AC +2)
You regenerate a little health from kills.


Message History

You slash the adder!
The howler monkey hoots and howls with incredible vigour!
The adder closely misses you.
You hear a croak.
You hear a shout!
You barely miss the howler monkey.
The howler monkey is almost dead.
You hit the adder but do no damage.
The howler monkey hits you but does no damage.
The adder bites you but does no damage.
Dowan, Brother of Duvessa comes into view.
He is wielding a +0 dagger.
Your scale mail "Zoes" prevents you from hitting the adder.
The adder is almost dead.
You slash the howler monkey!
You kill the howler monkey!
Trog accepts your kill.
The adder bites you but does no damage. x2
You have reached level 8!
You feel agile.
Your demonic ancestry asserts itself...
Slimy green scales grow over part of your body.
Are you sure you want to abandon this character and quit the game? (Confirm with "yes".)

.# . # .# # #. .
#. #. #.# #.. #
..## # #.. ##
ee#.# ####..### .#
#S#.###.........))
.#
#@.......###...#.#
)#
#.#.###.####...#.#
.# #.# #
#..........# )#
#.# ...........#
..<..... #.#
#.##.......#
#######. #.#
#.####....## #
#.## #.# #..).# #
#..####.#######.##
#
#.................


You could see Duvessa, Dowan and an adder.

Vanquished Creatures
  Menkaure (D:4)
  2 phantoms
  A bullfrog (D:6)
  Blork the orc (D:4)
  2 howler monkeys
  A hound (D:4)
  2 orc priests (D:6)
  A centaur skeleton (D:5)
  2 orc wizards (D:4)
  3 worker ants
  A worker ant zombie (D:6)
  Robin (D:4)
  7 adders
  4 gnolls (D:6)
  A shadow imp (D:5)
  A white imp (D:2)
  An ufetubus (D:3)
  3 oozes
  A dart slug (D:3)
  6 leopard geckos
  13 orcs
  10 bats
  7 giant cockroaches
  19 goblins
  10 hobgoblins
  4 quokkas
  A ball python (D:3)
  6 frilled lizards
  6 kobolds
  5 rats
123 creatures vanquished.

Notes
Turn   | Place    | Note
-------+----------+-------------------------------------------
     0 | D:1      | knot the Demonspawn Berserker began the quest for the Orb.
     0 | D:1      | Reached XP level 1. HP: 18/18 MP: 1/1
     2 | D:1      | Noticed a vine stalker
     2 | D:1      | Noticed a gargoyle
     4 | D:1      | Noticed an octopode
     6 | D:1      | Noticed a ghoul
     6 | D:1      | Noticed a spriggan
     8 | D:1      | Noticed a formicid
     8 | D:1      | Noticed a demonspawn
    10 | D:1      | Noticed a centaur
    10 | D:1      | Noticed a troll
    12 | D:1      | Noticed a tengu
    12 | D:1      | Noticed a merfolk
    14 | D:1      | Noticed a naga
    14 | D:1      | Noticed an elf
    16 | D:1      | Noticed a demigod
    18 | D:1      | Noticed a minotaur
    18 | D:1      | Noticed a dwarf
    20 | D:1      | Noticed an ogre
    20 | D:1      | Noticed a draconian
    22 | D:1      | Noticed a vampire
    24 | D:1      | Noticed a halfling
    24 | D:1      | Noticed a felid
    26 | D:1      | Noticed a human
   113 | D:1      | Reached skill level 3 in Axes
   495 | D:1      | Gained mutation: You have a pair of small antennae on your
                  | head. [demonic ancestry]
   495 | D:1      | Reached XP level 2. HP: 23/24 MP: 2/2
  1271 | D:2      | Reached ** piety under Trog
  1315 | D:2      | Found a faded altar of an unknown god.
  1342 | D:2      | Gained mutation: You regenerate a little health from kills.
                  | [demonic ancestry]
  1342 | D:2      | Reached XP level 3. HP: 29/29 MP: 3/3
  1434 | D:2      | Reached skill level 4 in Axes
  1792 | D:2      | Reached XP level 4. HP: 35/35 MP: 4/4
  1834 | D:2      | Found a bloodstained altar of Trog.
  2122 | D:3      | Reached skill level 1 in Throwing
  2890 | D:3      | Noticed a phantom
  2926 | D:3      | Killed a phantom
  2927 | D:3      | Reached skill level 5 in Axes
  2927 | D:3      | Reached XP level 5. HP: 13/41 MP: 5/5
  3651 | D:4      | Noticed Menkaure
  3666 | D:3      | Reached *** piety under Trog
  3699 | D:4      | Killed Menkaure
  3700 | D:4      | Reached XP level 6. HP: 47/47 MP: 6/6
  3848 | D:4      | Got a glimmering scale mail
  3888 | D:3      | Identified the +5 scale mail "Zoes" {rF- rC+ Str+2 Slay+4}
                  | (You found it on level 4 of the Dungeon)
  3928 | D:4      | Noticed Robin
  3937 | D:4      | Killed Robin
  3994 | D:4      | Noticed Blork the orc
  3999 | D:4      | Killed Blork the orc
  4017 | D:4      | Reached skill level 6 in Axes
  4017 | D:4      | Reached XP level 7. HP: 43/52 MP: 7/7
  4323 | D:5      | Entered Level 5 of the Dungeon
  4417 | D:5      | Found a blossoming altar of Fedhas.
  4472 | D:5      | Found a shimmering blue altar of Sif Muna.
  4912 | D:6      | Reached **** piety under Trog
  4993 | D:6      | Found a staircase to the Ecumenical Temple.
  5002 | Temple   | Entered the Ecumenical Temple
  5150 | D:6      | Reached skill level 5 in Throwing
  5185 | D:6      | Reached skill level 7 in Axes
  5519 | D:6      | Noticed Duvessa
  5522 | D:6      | Noticed Dowan
  5524 | D:6      | Gained mutation: You are partially covered in slimy green
                  | scales. (AC +2) [demonic ancestry]
  5524 | D:6      | Reached XP level 8. HP: 58/58 MP: 8/8
  5524 | D:6      | Quit the game

Illustrated notes

Levels and vault maps discovered:
D:1:      kb_arrival_jail, layout_basic, minmay_misc_feat_four_crosses,
          nrook_mini_vaults, chequers_serial_rivers_micro_d,
          chequers_decorated_corner, minmay_hedge_maze
D:2:      layout_basic, serial_corexii_hall, chequers_hall_statues_wall_a,
          corexii_hall_statues_x, chequers_ecumenical_altar_grove, trog_book
D:3:      layout_loops_ring
D:4:      layout_basic, uniq_robin, uniq_blork_the_orc, uniq_menkaure
D:5:      layout_cave_pools, nicolae_overflow_crystal_walls, led_sif_pool
D:6:      layout_loops_ring, minmay_temple_entry_mist, sigmund_edmund_badplayer,
          uniq_duvessa
Temple:   nicolae_temple_great_sept

Skill      XL: |  1  2  3  4  5  6  7 |
---------------+----------------------+-----
Axes           | 3 4 5 6 7 |  7.0
Throwing       | 2 3 5 |  5.3
Fighting       | |  3.0
Armour         | |  1.7
Dodging        | |  1.7

Action                   |  1- 3 |  4- 6 |  7- 9 || total
-------------------------+-------+-------+-------++-------
Melee: Hand axe          |   103 |   160 |    85 ||   348
Throw: Dart              |     8 |     3 |       ||    11
       Stone             |     4 |     1 |       ||     5
       Boomerang         |       |    17 |       ||    17
Invok: Berserk           |     2 |     5 |     1 ||     8
       Trog's Hand       |     1 |     1 |     1 ||     3
  Use: Scroll            |       |     1 |       ||     1
       Potion            |       |       |     2 ||     2
Armor: Animal skin       |    21 |     9 |       ||    30
       Ring mail         |       |    34 |       ||    34
       Troll leather arm |       |     5 |       ||     5
       Scale mail        |       |    15 |    42 ||    57
Dodge: Dodged            |    78 |   137 |    61 ||   276

Table legend: (Time is in decaauts)
 A = Elapsed time spent in this place.
 B = Non-inter-level travel time spent in this place.
 C = Inter-level travel time spent in this place.
 D = Time resting spent in this place.
 E = Time spent auto-exploring this place.
 F = Levels seen in this place.
 G = Mean time per level.
                   A        B        C        D        E       F      G
               +--------+--------+--------+--------+--------+-----+--------+
         Total |   5629 |   5439 |    190 |   1682 |   2812 |   7 |  804.1 |
       Dungeon |   5543 |   5366 |    177 |   1682 |   2740 |   6 |  923.8 |
        Temple |     85 |     72 |     13 |      0 |     72 |   1 |   85.0 |
               +--------+--------+--------+--------+--------+-----+--------+

Top non-repeatable levels by time:
     D:3: 1569 daAuts
     D:1: 1281 daAuts
     D:2: 1140 daAuts
     D:4: 546 daAuts
     D:6: 540 daAuts
     D:5: 465 daAuts
  Temple: 85 daAuts
